AoeStats
← Kraltar

Arena

510537178Analyzed
1v1 RM · 1d ago on Oct 1, 2026· 28m 3s· 2 players
Game mode
Random Map
Map size
Tiny (2 player)
Population
200
Speed
Normal
Resources
Standard
Victory
Conquest
Starting age
Dark Age
Ending age
Imperial Age
RankedLock teamsTeams togetherTeam positionsShared explorationLock speedFull tech treeHidden civsTurbo modeCheats
Victory
Defeat
🇦🇷 Bohemians · Argentina
1163
+15
🇭🇰 Spanish · Hong Kong SAR China
1133
-15
Kraltar
4:53 Loom
10:56 Feudal Age
13:04 Double-Bit Axe
13:11 Horse Collar
16:08 Castle Age
14:28 Forging
14:26 Scale Barding Armor
15:49 Wheelbarrow
16:39 Forging
19:07 Fletching
22:31 Fervor
23:31 Bodkin Arrow
24:06 Sanctity
YKK
10:24 Feudal Age
14:38 Castle Age
12:38 Double-Bit Axe
13:45 Horse Collar
21:09 Loom
21:59 Wheelbarrow
22:50 Gold Mining
22:52 Stone Mining
23:53 Husbandry
Connection lost

Rejoining the realm…

Still unreachable

The connection could not be restored.

Session expired

The server has moved on; the page needs a fresh start.